[Event "Titled Tuesday Blitz July 4 Early 2023"]
[White "Rodchenkov, Sergey D."]
[Black "Politov, Pavel Y."]
[WhiteFideId "4168712"]
[BlackFideId "24110515"]
[WhiteElo "2535"]
[BlackElo "2055"]
[Result "1-0"]
[Round "1"]
[TimeControl "180+2"]
[Date "2023.07.04"]
[WhiteClock "0:01:02"]
[BlackClock "0:00:17"]
[Board "225"]

1. e4 c5 2. Nf3 d6 3. d4 cxd4 4. Nxd4 Nf6 5. Nc3 a6 6. Bc4 e6 7. O-O b5 8. Bb3 Bb7 9. Bxe6 fxe6 10. Nxe6 Qd7 11. Nd5 Bxd5 12. exd5 h6 13. Re1 Kf7 14. Qf3 Be7 15. Be3 Re8 16. Qg3 Bf8 17. Bd4 Qe7 18. Re3 Nxd5 19. Qf3+ Nf6 20. Qxa8 d5 21. Ng5+ hxg5 22. Rxe7+ Bxe7 23. Bxf6 Bxf6 24. Qxd5+ Kf8 25. Rd1 Bxb2 26. Qxg5 Bf6 27. Qc5+ Kg8 28. Qd5+ Kf8 29. g4 Rd8 30. Qxd8+ Bxd8 31. Rxd8+ Ke7 32. Rxb8 Kd6 33. Rb7 1-0


[Site "https://www.chess.com"]

[Event "Titled Tuesday Blitz July 4 Early 2023"]
[White "Blackwhite017"]
[Black "Gavrilov, Maxim"]
[BlackFideId "24271454"]
[WhiteElo "2053"]
[BlackElo "2533"]
[Result "0-1"]
[Round "1"]
[TimeControl "180+2"]
[Date "2023.07.04"]
[WhiteClock "0:00:00"]
[BlackClock "0:00:11"]
[Board "226"]

1. e4 c5 2. Nf3 d6 3. d4 cxd4 4. Nxd4 Nf6 5. Nc3 a6 6. Bg5 e6 7. f4 Qb6 8. Qd2 Qxb2 9. Rb1 Qa3 10. f5 Nc6 11. fxe6 fxe6 12. Nxc6 bxc6 13. Be2 Be7 14. O-O O-O 15. Rb3 Qc5+ 16. Be3 Qe5 17. Bd4 Qa5 18. Bb6 Qe5 19. Bd4 Nxe4 20. Rxf8+ Bxf8 21. Qe3 Qa5 22. Qxe4 Bd7 23. Bb6 Qg5 24. Be3 Qf6 25. Qf4 Qxf4 26. Bxf4 e5 27. Bg3 Be6 28. Rb6 Rc8 29. Bxa6 Rc7 30. Rb7 Rc8 31. Ne4 Ra8 32. Rb6 d5 33. Rxc6 Bd7 34. Rc7 Rxa6 35. Rxd7 dxe4 36. Bxe5 Rxa2 37. Rd8 Kf7 38. Bd4 Rxc2 39. Rd5 Ke6 40. Re5+ Kd7 41. Rxe4 Rc4 42. Kf2 Kc6 0-1


[Site "https://www.chess.com"]

[Event "Titled Tuesday Blitz July 4 Early 2023"]
[White "Sreyas Payyappat"]
[Black "Winkels, Marcel"]
[WhiteFideId "46674969"]
[BlackFideId "1003887"]
[WhiteElo "2533"]
[BlackElo "2052"]
[Result "1-0"]
[Round "1"]
[TimeControl "180+2"]
[Date "2023.07.04"]
[WhiteClock "0:01:20"]
[BlackClock "0:00:00"]
[Board "227"]

1. e4 c5 2. Nf3 d6 3. d4 cxd4 4. Nxd4 Nf6 5. Nc3 a6 6. h4 Nc6 7. h5 h6 8. f3 Nxd4 9. Qxd4 e5 10. Qd1 Be6 11. Be3 Qc7 12. Qd2 O-O-O 13. Na4 Nd7 14. c4 Nc5 15. Nc3 Be7 16. Rc1 Kb8 17. b4 Nd7 18. Nd5 Bxd5 19. cxd5 Nc5 20. bxc5 dxc5 21. Be2 f5 22. exf5 Rhf8 23. g4 Rc8 24. O-O Bd6 25. f4 Qe7 26. fxe5 Bxe5 27. Bf4 Bxf4 28. Qxf4+ Ka8 29. Bf3 Rfd8 30. Rfd1 Qh4 31. d6 c4 32. Rb1 Rd7 33. Rxb7 Rxb7 34. d7 Rd8 35. Qe4 Rb8 36. d8=Q Qg3+ 37. Bg2 1-0


[Site "https://www.chess.com"]

[Event "Titled Tuesday Blitz July 4 Early 2023"]
[White "Guevara Sanchez, Erick Marvin"]
[Black "Brunner, Nicolas"]
[WhiteFideId "6700136"]
[BlackFideId "620246"]
[WhiteElo "2051"]
[BlackElo "2533"]
[Result "0-1"]
[Round "1"]
[TimeControl "180+2"]
[Date "2023.07.04"]
[WhiteClock "0:02:15"]
[BlackClock "0:01:45"]
[Board "228"]

1. e4 e5 2. Nf3 Nf6 3. Nxe5 d6 4. Nf3 Nxe4 5. d4 d5 6. c4 Bb4+ 7. Bd2 Nxd2 8. Nbxd2 O-O 9. Be2 dxc4 10. O-O b5 11. a3 Bd6 12. Ne4 Bb7 13. Nxd6 cxd6 14. a4 a6 15. axb5 axb5 16. Rxa8 Bxa8 17. Qa1 Nc6 18. Qa6 Qa5 19. Qxa5 Nxa5 20. Ra1 Nb3 21. Ra6 Bxf3 22. Bxf3 Nxd4 23. Rxd6 Nxf3+ 24. gxf3 Rb8 25. Rc6 Kf8 26. Rc5 Ke7 27. Rc7+ Ke6 28. Rc6+ Kd5 29. Rc7 b4 30. Rxf7 c3 31. bxc3 b3 32. Rd7+ Kc4 33. Rd1 b2 34. Rb1 Kxc3 35. Kg2 Kc2 36. Rxb2+ Rxb2 37. Kg3 Kd3 38. f4 Ke4 39. Kg4 Rxf2 40. h4 Rxf4+ 41. Kg5 h6+ 42. Kh5 g5 43. Kg6 gxh4 44. Kh5 h3 45. Kg6 h2 46. Kg7 h5 47. Kh7 h4 48. Kh6 h1=Q 49. Kh5 Qa1 50. Kh6 Qf6+ 51. Kh7 Qe7+ 52. Kh6 Rf6+ 53. Kh5 Qh7+ 54. Kg4 Qg7+ 55. Kh3 Qg3# 0-1


[Site "https://www.chess.com"]

[Event "Titled Tuesday Blitz July 4 Early 2023"]
[White "Demin, Vladimir"]
[Black "Goughfather"]
[WhiteFideId "4167457"]
[WhiteElo "2532"]
[BlackElo "2033"]
[Result "1-0"]
[Round "1"]
[TimeControl "180+2"]
[Date "2023.07.04"]
[WhiteClock "0:01:50"]
[BlackClock "0:00:05"]
[Board "229"]

1. d4 d5 2. Nc3 c6 3. Bf4 Nf6 4. e3 Bf5 5. f3 e6 6. g4 Bg6 7. h4 h5 8. g5 Ng8 9. Bd3 Bxd3 10. Qxd3 g6 11. O-O-O Bd6 12. Nge2 Qc7 13. Kb1 Ne7 14. Bxd6 Qxd6 15. e4 Nd7 16. Na4 Qb4 17. Qb3 Qxb3 18. axb3 O-O 19. c4 Rfc8 20. Nac3 Nb6 21. c5 Nd7 22. b4 b6 23. Kc2 a5 24. bxa5 bxc5 25. Ra1 cxd4 26. Nxd4 e5 27. Nb3 d4 28. Na4 c5 29. Nb6 Nxb6 30. axb6 Rab8 31. Ra7 Nc6 32. Rc7 Nb4+ 33. Kd2 Rxc7 34. bxc7 Rc8 35. Nxc5 Rxc7 36. Rc1 Rc6 37. b3 Na2 38. Rc4 Nc3 39. Nd7 Re6 40. Rc8+ Kg7 41. Nf6 Rxf6 42. gxf6+ Kxf6 43. Kd3 g5 44. Rh8 Kg6 45. Rg8+ 1-0


[Site "https://www.chess.com"]

[Event "Titled Tuesday Blitz July 4 Early 2023"]
[White "ilya2700"]
[Black "Suder, Jakub"]
[BlackFideId "1195310"]
[WhiteElo "2033"]
[BlackElo "2532"]
[Result "0-1"]
[Round "1"]
[TimeControl "180+2"]
[Date "2023.07.04"]
[WhiteClock "0:02:26"]
[BlackClock "0:02:36"]
[Board "230"]

1. e4 c5 2. c4 Nc6 3. Ne2 e6 4. d4 cxd4 5. Nxd4 Nf6 6. Nc3 Bc5 7. Nxc6 dxc6 8. Qxd8+ Kxd8 9. Bg5 e5 10. Be2 Be6 11. O-O-O+ Kc7 12. Rhf1 Nd7 13. f4 f6 14. Bh4 exf4 15. Rxf4 Be3+ 0-1


[Site "https://www.chess.com"]

[Event "Titled Tuesday Blitz July 4 Early 2023"]
[White "Liu, Casper"]
[Black "Lohani, Sujana"]
[WhiteFideId "1454153"]
[BlackFideId "12311987"]
[WhiteElo "2531"]
[BlackElo "1927"]
[Result "1-0"]
[Round "1"]
[TimeControl "180+2"]
[Date "2023.07.04"]
[WhiteClock "0:01:47"]
[BlackClock "0:00:14"]
[Board "231"]

1. a3 c5 2. e4 Nc6 3. b4 cxb4 4. axb4 Nxb4 5. d4 g6 6. Nf3 Bg7 7. Bc4 Nc6 8. O-O d6 9. Ng5 e6 10. c3 Nge7 11. Qf3 O-O 12. Qh3 h6 13. Nf3 e5 14. Qh4 h5 15. Bg5 exd4 16. cxd4 Re8 17. Nc3 Qd7 18. Nb5 a6 19. Qf4 Rf8 20. Nxd6 Nxd4 21. Nxd4 Bxd4 22. Bxf7+ Kg7 23. Bh6+ 1-0


[Site "https://www.chess.com"]

[Event "Titled Tuesday Blitz July 4 Early 2023"]
[White "Vargas, Mauricio"]
[Black "Arencibia Monduy, Antonio"]
[WhiteFideId "4404572"]
[BlackFideId "3507939"]
[WhiteElo "1873"]
[BlackElo "2531"]
[Result "0-1"]
[Round "1"]
[TimeControl "180+2"]
[Date "2023.07.04"]
[WhiteClock "0:00:00"]
[BlackClock "0:00:09"]
[Board "232"]

1. e4 e6 2. f4 d5 3. e5 c5 4. Nf3 Nc6 5. Bb5 Bd7 6. Bxc6 Bxc6 7. O-O Ne7 8. d3 Nf5 9. c3 Be7 10. Qe1 h5 11. Na3 d4 12. Nc4 b5 13. Ncd2 dxc3 14. bxc3 Qxd3 15. Nb3 Rd8 16. Ba3 Qe3+ 17. Kh1 h4 18. Qxe3 Nxe3 19. Rf2 b4 20. cxb4 cxb4 21. Bb2 Nd1 22. Rc2 Be4 23. Re2 h3 24. Rxe4 Nf2+ 25. Kg1 Nxe4 26. Rc1 hxg2 27. Kxg2 O-O 28. Rc7 Rfe8 29. Bd4 a6 30. Bb6 Rc8 31. Ra7 Rc2+ 32. Kh3 Rxa2 33. Na5 Ra3 0-1


[Site "https://www.chess.com"]

[Event "Titled Tuesday Blitz July 4 Early 2023"]
[White "Ismagilov, Damir"]
[Black "Skiadopoulos, Nikolaos"]
[WhiteFideId "34199982"]
[BlackFideId "4200772"]
[WhiteElo "2529"]
[BlackElo "1873"]
[Result "1-0"]
[Round "1"]
[TimeControl "180+2"]
[Date "2023.07.04"]
[WhiteClock "0:01:13"]
[BlackClock "0:01:30"]
[Board "233"]

1. g4 e5 2. Bg2 h5 3. g5 Qxg5 4. Kf1 Qd8 5. d4 exd4 6. Qxd4 Nc6 7. Qc3 Qf6 8. Qb3 b6 9. Nf3 Qe6 10. Qa4 Bb7 11. Nc3 h4 12. Nb5 h3 13. Nxc7+ Ke7 14. Nxe6 hxg2+ 15. Kxg2 dxe6 16. Bf4 Nf6 17. Rad1 Nd5 18. Bg3 f6 19. c4 Ndb4 20. Bd6+ Kf7 21. Bxb4 Bxb4 22. Rd7+ Kg6 23. Rxb7 1-0


[Site "https://www.chess.com"]

[Event "Titled Tuesday Blitz July 4 Early 2023"]
[White "Castillo Pena, Patricia Evarista"]
[Black "Novikov, Evgenij"]
[WhiteFideId "6412106"]
[BlackFideId "4125380"]
[WhiteElo "1845"]
[BlackElo "2529"]
[Result "0-1"]
[Round "1"]
[TimeControl "180+2"]
[Date "2023.07.04"]
[WhiteClock "0:00:00"]
[BlackClock "0:00:21"]
[Board "234"]

1. d4 Nf6 2. Nf3 d6 3. Nc3 g6 4. e4 Bg7 5. Be3 Ng4 6. Bg5 h6 7. Bh4 g5 8. Bg3 c5 9. h3 cxd4 10. Nxd4 Qb6 11. Nb3 Bxc3+ 12. bxc3 Nf6 13. Bd3 h5 14. e5 h4 15. Bh2 dxe5 16. Bxe5 Qe6 17. Qe2 Nbd7 18. Bd4 Qxe2+ 19. Bxe2 b6 20. Bb5 O-O 21. Rd1 Bb7 22. O-O Rfd8 23. Be3 g4 24. hxg4 Ne5 25. g5 Nfg4 26. Bf4 h3 27. Bxe5 hxg2 28. Bg3 gxf1=Q+ 29. Rxf1 a6 30. Be2 f5 31. gxf6 Nxf6 32. Bc4+ Bd5 33. Bxd5+ Nxd5 34. c4 Nb4 35. a3 Nxc2 36. Be5 Kf7 37. Rc1 Rg8+ 38. Kf1 Nxa3 39. Rc3 Rac8 40. Nd4 Nxc4 41. Rf3+ Ke8 42. Bg3 Nd2+ 0-1


[Site "https://www.chess.com"]

[Event "Titled Tuesday Blitz July 4 Early 2023"]
[White "Shvedova, Alexandra"]
[Black "Nan M K Khine Hlyan"]
[WhiteFideId "54154782"]
[BlackFideId "13002899"]
[WhiteElo "2529"]
[BlackElo "1750"]
[Result "1-0"]
[Round "1"]
[TimeControl "180+2"]
[Date "2023.07.04"]
[WhiteClock "0:02:02"]
[BlackClock "0:00:00"]
[Board "235"]

1. d4 d5 2. c4 Nf6 3. cxd5 Nxd5 4. e4 Nb6 5. Nc3 e6 6. Nf3 Bd7 7. Be2 Bb4 8. O-O O-O 9. a3 Be7 10. Bf4 Re8 11. Rc1 Bc6 12. Qc2 Bf8 13. Rfd1 Qf6 14. Bxc7 N8d7 15. d5 exd5 16. exd5 Ba4 17. Nxa4 Nxa4 18. Bb5 Nac5 19. b4 a6 20. bxc5 axb5 21. c6 bxc6 22. dxc6 Nc5 23. Bb6 Na4 24. Bd4 Qf4 25. Qb3 b4 26. axb4 1-0


[Site "https://www.chess.com"]

[Event "Titled Tuesday Blitz July 4 Early 2023"]
[White "Manukyan, Sargis V."]
[Black "Nakamura, Hikaru"]
[WhiteFideId "13303465"]
[BlackFideId "2016192"]
[WhiteElo "2634"]
[BlackElo "3172"]
[Result "0-1"]
[Round "2"]
[TimeControl "180+2"]
[Date "2023.07.04"]
[WhiteClock "0:00:02"]
[BlackClock "0:01:05"]
[Board "1"]

1. d4 g6 2. c4 Bg7 3. Nc3 c5 4. d5 Bxc3+ 5. bxc3 f5 6. e4 fxe4 7. f3 Qa5 8. fxe4 Nf6 9. Qc2 d6 10. Bd3 Bd7 11. a4 Qc7 12. Nf3 Bg4 13. O-O Bxf3 14. Rxf3 Nbd7 15. Bf4 Ng4 16. a5 O-O-O 17. Bg5 Rde8 18. h3 Nge5 19. Rf2 h6 20. Bf4 a6 21. Bg3 Kb8 22. Be2 Ka8 23. Qa4 Ref8 24. Raf1 Qd8 25. Rb1 Rxf2 26. Bxf2 Nf6 27. Bg3 Nxe4 28. Bxe5 dxe5 29. Qb3 Nd6 30. Qa3 Qc7 31. Rb6 e4 32. Qb2 Rf8 33. Qb3 e3 34. Bf3 g5 35. Kf1 Rf4 36. Ke2 Ka7 37. Rxd6 exd6 38. Kxe3 Qxa5 39. Qc2 Rxc4 40. Qg6 Qxc3+ 41. Kf2 Qd4+ 42. Kg3 Qe5+ 43. Kf2 Rb4 44. Qe8 Rb2+ 45. Kf1 Qxe8 0-1


[Site "https://www.chess.com"]

[Event "Titled Tuesday Blitz July 4 Early 2023"]
[White "Nihal Sarin"]
[Black "Vlassov, Nikolai"]
[WhiteFideId "25092340"]
[BlackFideId "4103360"]
[WhiteElo "3130"]
[BlackElo "2631"]
[Result "1-0"]
[Round "2"]
[TimeControl "180+2"]
[Date "2023.07.04"]
[WhiteClock "0:01:30"]
[BlackClock "0:00:02"]
[Board "2"]

1. d4 Nf6 2. c4 Nc6 3. Nf3 e6 4. g3 Bb4+ 5. Bd2 a5 6. Bg2 d6 7. O-O e5 8. Bg5 exd4 9. Nxd4 Nxd4 10. Qxd4 O-O 11. Nc3 h6 12. Bxf6 Qxf6 13. Qxf6 gxf6 14. Nd5 c6 15. Nxf6+ Kg7 16. Nh5+ Kg8 17. Be4 Be6 18. Rfc1 Rfd8 19. Kg2 Kf8 20. h3 Ke7 21. Rab1 d5 22. cxd5 Bxd5 23. Bxd5 Rxd5 24. Nf4 Rd2 25. Kf1 Rad8 26. Nd3 Kf6 27. a3 Be7 28. Ke1 R8xd3 29. exd3 Rxd3 30. Rc3 Rxc3 31. bxc3 b5 32. c4 bxc4 33. Rb6 Bxa3 34. Rxc6+ Ke5 35. Rxc4 Kd5 36. Rf4 Bb2 37. Rxf7 a4 38. Kd2 a3 39. Kc2 Ke4 40. Kb3 Kd3 41. g4 Ke2 42. f4 Kf3 43. g5 1-0


[Site "https://www.chess.com"]

[Event "Titled Tuesday Blitz July 4 Early 2023"]
[White "Taichman, Ori"]
[Black "So, Wesley"]
[WhiteFideId "2804069"]
[BlackFideId "5202213"]
[WhiteElo "2626"]
[BlackElo "3094"]
[Result "0-1"]
[Round "2"]
[TimeControl "180+2"]
[Date "2023.07.04"]
[WhiteClock "0:00:11"]
[BlackClock "0:01:23"]
[Board "3"]

1. e4 c5 2. b3 Nf6 3. e5 Nd5 4. Bb2 g6 5. Qf3 Nb4 6. Bc4 e6 7. Na3 Bg7 8. Nb5 O-O 9. O-O-O Nxa2+ 10. Kb1 Nb4 11. c3 N4c6 12. d4 cxd4 13. cxd4 d5 14. exd6 a6 15. Nc7 Ra7 16. d5 exd5 17. Nxd5 Bf5+ 18. Bd3 Bxd3+ 19. Rxd3 Bxb2 20. Kxb2 Ne5 21. Ne7+ Kg7 22. Qe3 Nxd3+ 23. Qxd3 Nc6 24. Nxc6 bxc6 25. Nf3 Qf6+ 26. Ka2 Rd8 27. Rd1 Rad7 28. Qxa6 Rxd6 29. Rc1 Rd2+ 30. Nxd2 Rxd2+ 31. Ka3 Qb2+ 0-1


[Site "https://www.chess.com"]

[Event "Titled Tuesday Blitz July 4 Early 2023"]
[White "Dubov, Daniil"]
[Black "benny_aizenberg"]
[WhiteFideId "24126055"]
[WhiteElo "3085"]
[BlackElo "2626"]
[Result "1-0"]
[Round "2"]
[TimeControl "180+2"]
[Date "2023.07.04"]
[WhiteClock "0:00:44"]
[BlackClock "0:00:07"]
[Board "4"]

1. d4 Nf6 2. c4 e6 3. Nc3 Bb4 4. e3 O-O 5. Ne2 c5 6. a3 Bxc3+ 7. Nxc3 d5 8. dxc5 a5 9. Rb1 Nc6 10. Be2 d4 11. exd4 Nxd4 12. Bf4 Re8 13. Be5 Nc6 14. Qxd8 Rxd8 15. Bc7 Re8 16. O-O e5 17. Nb5 Bf5 18. Rbd1 Re7 19. Bb6 a4 20. f3 Nd7 21. Kf2 f6 22. Rd6 Kf7 23. Rfd1 Rc8 24. Rxd7 Bxd7 25. Nd6+ Ke6 26. Nxc8 Bxc8 27. Rd6+ Kf7 28. Bd1 Be6 29. Bxa4 Nd4 30. b3 f5 31. f4 Nc6 32. Bxc6 bxc6 33. fxe5 Bd7 34. Bd8 1-0


[Site "https://www.chess.com"]

[Event "Titled Tuesday Blitz July 4 Early 2023"]
[White "Komov, Roman"]
[Black "Lazavik, Denis"]
[WhiteFideId "24175714"]
[BlackFideId "13515110"]
[WhiteElo "2625"]
[BlackElo "3052"]
[Result "0-1"]
[Round "2"]
[TimeControl "180+2"]
[Date "2023.07.04"]
[WhiteClock "0:00:00"]
[BlackClock "0:00:20"]
[Board "5"]

1. e4 c5 2. Nf3 e6 3. c3 d5 4. exd5 Qxd5 5. d4 Nf6 6. Be2 Be7 7. O-O O-O 8. c4 Qd8 9. dxc5 Bxc5 10. Nc3 Nc6 11. a3 b6 12. b4 Be7 13. h3 Bb7 14. Be3 Qb8 15. Qc2 Ne5 16. Nxe5 Qxe5 17. Rad1 Rac8 18. Rfe1 Rfd8 19. Rxd8+ Rxd8 20. Bf1 Qb8 21. Rd1 Rc8 22. Qb3 h6 23. Nb5 Bc6 24. Qa4 Bxb5 25. Qxb5 Ne4 26. Qh5 Rd8 27. Qf3 Rxd1 28. Qxd1 Qc7 29. Qd3 Nf6 30. Be2 Nd7 31. Qe4 a5 32. Qb1 axb4 33. axb4 Qd6 34. Bf3 Qxb4 35. Qxb4 Bxb4 36. Bc6 Ne5 37. Bb5 Bc5 38. Bf4 Nd3 39. Bg3 f5 40. Bc7 Nxf2 41. Kf1 Ne4 42. g4 g6 43. Ke2 Kf7 44. Kf3 Nd6 45. Bxd6 Bxd6 46. gxf5 gxf5 47. Bd7 Kf6 48. Bc8 e5 49. Bd7 e4+ 50. Ke2 Ke5 51. Bc6 f4 52. Bb7 Bc5 53. Bc8 f3+ 54. Ke1 Kf4 55. Bg4 e3 56. Bh5 Bb4+ 0-1


[Site "https://www.chess.com"]

[Event "Titled Tuesday Blitz July 4 Early 2023"]
[White "Sarana, Alexey"]
[Black "Kashlinskaya, Alina"]
[WhiteFideId "24133795"]
[BlackFideId "4198026"]
[WhiteElo "3041"]
[BlackElo "2623"]
[Result "1-0"]
[Round "2"]
[TimeControl "180+2"]
[Date "2023.07.04"]
[WhiteClock "0:01:59"]
[BlackClock "0:00:32"]
[Board "6"]

1. d4 Nf6 2. c4 g6 3. Nc3 Bg7 4. e4 d6 5. Bd3 O-O 6. Nge2 e5 7. d5 Na6 8. f3 Nc5 9. Bc2 a5 10. Be3 Bd7 11. Qd2 Ne8 12. h4 f5 13. exf5 gxf5 14. O-O-O a4 15. Bg5 Nf6 16. Ng3 Qc8 17. h5 e4 18. h6 Bh8 19. fxe4 Nfxe4 20. Ngxe4 fxe4 21. Be7 Bf5 22. Bxf8 Qxf8 23. Rdf1 Qc8 24. Qg5+ Bg6 25. Nxe4 Nxe4 26. Bxe4 Qe8 27. Bxg6 Qxg6 28. Qxg6+ hxg6 29. h7+ Kg7 30. Re1 1-0


[Site "https://www.chess.com"]

[Event "Titled Tuesday Blitz July 4 Early 2023"]
[White "Weishaeutel, Moritz"]
[Black "Bluebaum, Matthias"]
[WhiteFideId "12967300"]
[BlackFideId "24651516"]
[WhiteElo "2623"]
[BlackElo "3034"]
[Result "0-1"]
[Round "2"]
[TimeControl "180+2"]
[Date "2023.07.04"]
[WhiteClock "0:00:00"]
[BlackClock "0:00:46"]
[Board "7"]

1. e4 e6 2. d4 d5 3. exd5 exd5 4. Nf3 Nc6 5. Nc3 Bb4 6. Bd3 Nge7 7. O-O Bg4 8. h3 Bxf3 9. Qxf3 Nxd4 10. Qg4 Bxc3 11. bxc3 Ne6 12. Re1 O-O 13. Rxe6 fxe6 14. Qxe6+ Rf7 15. Bxh7+ Kf8 16. Ba3 b6 17. Bg6 Rf6 18. Bxe7+ Qxe7 19. Qxd5 Rd8 20. Qh5 Qe6 21. Bd3 Re8 22. Qh8+ Qg8 23. Qh4 g5 24. Qd4 Qg7 25. Rd1 Rf4 26. Qd5 Qe5 27. Qc6 Rf6 28. Qd7 Re7 29. Qd8+ Kg7 30. Bc4 Rf8 31. Qd3 Qf6 32. Qg3 Qf4 33. Qxf4 Rxf4 34. Bd3 Ra4 35. Rb1 Rxa2 36. Rb4 a5 37. Rg4 Kf6 38. f4 gxf4 39. Rxf4+ Ke5 40. Re4+ Kd6 41. Rd4+ Kc6 42. Be4+ Kc5 43. Bd3 b5 44. Rg4 Re5 45. Rg7 c6 46. h4 a4 47. Rg5 Rxg5 48. hxg5 Kd6 49. c4 Ra1+ 50. Kf2 Ke5 51. cxb5 cxb5 52. Bxb5 a3 53. Bc4 Rc1 54. Bb3 a2 55. Bxa2 Rxc2+ 56. Kf3 Rxa2 0-1


[Site "https://www.chess.com"]

[Event "Titled Tuesday Blitz July 4 Early 2023"]
[White "Mamedov, Rauf"]
[Black "Borgaonkar Akshay"]
[WhiteFideId "13401653"]
[BlackFideId "25639110"]
[WhiteElo "3032"]
[BlackElo "2618"]
[Result "1-0"]
[Round "2"]
[TimeControl "180+2"]
[Date "2023.07.04"]
[WhiteClock "0:00:51"]
[BlackClock "0:00:01"]
[Board "8"]

1. e4 Nc6 2. Nf3 d5 3. exd5 Qxd5 4. Nc3 Qh5 5. Be2 Bg4 6. h3 e5 7. O-O Bd7 8. d4 exd4 9. Nxd4 Qg6 10. Bh5 Qf6 11. Nf3 Qd6 12. Qe2+ Qe7 13. Qc4 g6 14. Bg5 Qc5 15. Rfe1+ Be6 16. Rxe6+ fxe6 17. Qxe6+ Be7 18. Ne4 Qb6 19. Re1 Rd8 20. Ne5 Nxe5 21. Qxe5 gxh5 22. Qxh8 Kf7 23. Qxh7+ Kf8 24. Bxe7+ Nxe7 25. Ng5 Qf6 26. Ne6+ Ke8 27. Nxd8 Kxd8 28. Qxh5 Nf5 29. Qe8# 1-0


[Site "https://www.chess.com"]

[Event "Titled Tuesday Blitz July 4 Early 2023"]
[White "Domingo Nunez, Alejandro"]
[Black "Madaminov, Mukhiddin"]
[WhiteFideId "22245561"]
[BlackFideId "14210703"]
[WhiteElo "2617"]
[BlackElo "3031"]
[Result "0-1"]
[Round "2"]
[TimeControl "180+2"]
[Date "2023.07.04"]
[WhiteClock "0:00:00"]
[BlackClock "0:00:06"]
[Board "9"]

1. Nf3 d5 2. g3 Bg4 3. Bg2 Nd7 4. d4 c6 5. O-O e6 6. Qe1 Ngf6 7. Nfd2 Bf5 8. c4 Qb6 9. c5 Qb4 10. Nf3 Qxe1 11. Rxe1 b6 12. cxb6 axb6 13. Nc3 h6 14. Bf4 Bb4 15. Rec1 Ke7 16. a3 Bd6 17. b4 g5 18. Bxd6+ Kxd6 19. Nd2 Rhc8 20. e4 dxe4 21. Ncxe4+ Nxe4 22. Bxe4 Bxe4 23. Nxe4+ Ke7 24. Rc3 f5 25. Nd2 Nf6 26. Rac1 Nd5 27. Rxc6 Rxc6 28. Rxc6 Rxa3 29. Nc4 Rc3 30. b5 Kd8 31. Rxe6 Kc7 32. Rc6+ Kb8 33. Kg2 Ka7 34. Rd6 Nb4 35. Rd7+ Kb8 36. Nxb6 Nd3 37. Nd5 Rc2 38. b6 Rxf2+ 39. Kg1 Rc2 40. Rc7 Rb2 41. Rc6 Ne1 42. Rxh6 Nf3+ 43. Kf1 Nxh2+ 44. Ke1 Nf3+ 45. Kd1 Rd2+ 46. Kc1 Rxd4 47. Rd6 g4 48. Rd8+ Kb7 49. Rd7+ Kc6 50. b7 Kxd7 51. b8=Q Rxd5 52. Qb7+ Ke6 53. Qc6+ Ke5 54. Qc3+ Ke4 55. Qc4+ Rd4 56. Qe2+ Kd5 57. Qb5+ Ke6 58. Qc6+ Rd6 59. Qc8+ Ke5 60. Qc5+ Rd5 61. Qc3+ Ke4 62. Qc4+ Nd4 63. Qf1 Rc5+ 64. Kd2 Rc2+ 65. Kd1 Re2 66. Qf4+ Kd5 67. Qg5 Kc4 68. Kc1 Rf2 69. Qe3 Rf3 0-1


[Site "https://www.chess.com"]

[Event "Titled Tuesday Blitz July 4 Early 2023"]
[White "Martinez Alcantara, Jose Eduardo"]
[Black "Ganiev, Roman"]
[WhiteFideId "3805662"]
[BlackFideId "4131452"]
[WhiteElo "3025"]
[BlackElo "2616"]
[Result "1-0"]
[Round "2"]
[TimeControl "180+2"]
[Date "2023.07.04"]
[WhiteClock "0:01:18"]
[BlackClock "0:00:15"]
[Board "10"]

1. e4 c5 2. Nf3 d6 3. c3 Nf6 4. h3 Nc6 5. Bd3 g6 6. Bc2 Bg7 7. O-O O-O 8. d4 cxd4 9. cxd4 Bd7 10. Nc3 e6 11. a3 Rc8 12. Bf4 Qe7 13. Re1 e5 14. Be3 a6 15. Bg5 Qe8 16. Nd5 Nh5 17. Nb6 Rc7 18. Nd5 Rc8 19. dxe5 Nxe5 20. Ne7+ Kh8 21. Nxc8 Qxc8 22. Nxe5 Bxe5 23. Be7 Re8 24. Bxd6 Bxb2 25. Rb1 Bc3 26. Re3 b5 27. Bb3 Be6 28. Rc1 1-0


[Site "https://www.chess.com"]

[Event "Titled Tuesday Blitz July 4 Early 2023"]
[White "Ozdemir, Serhan Berat"]
[Black "Deac, Bogdan-Daniel"]
[WhiteFideId "6374611"]
[BlackFideId "1226380"]
[WhiteElo "2614"]
[BlackElo "3014"]
[Result "1/2-1/2"]
[Round "2"]
[TimeControl "180+2"]
[Date "2023.07.04"]
[WhiteClock "0:00:05"]
[BlackClock "0:00:07"]
[Board "11"]

1. e4 Nf6 2. Nc3 d5 3. exd5 Nxd5 4. Bc4 Nb6 5. Bb3 Nc6 6. Nf3 Na5 7. d4 Nxb3 8. axb3 g6 9. h3 Bg7 10. O-O O-O 11. Re1 h6 12. Be3 Nd7 13. Qd2 Kh7 14. Rad1 Nf6 15. d5 Bd7 16. Bc5 Re8 17. Ne5 Kg8 18. Be3 h5 19. Bh6 Bf5 20. Bxg7 Kxg7 21. Re2 Qd6 22. Qd4 Kg8 23. g4 Bc8 24. Nb5 Qd8 25. Qf4 a6 26. Nc3 Rf8 27. f3 Qd6 28. Kg2 b5 29. Qh6 b4 30. Na4 Bb7 31. Rdd2 Bxd5 32. c4 bxc3 33. bxc3 Qa3 34. c4 Bb7 35. Nc3 Rad8 36. Nd5 Bxd5 37. cxd5 Rxd5 38. Rxd5 Nxd5 39. Nxg6 fxg6 40. Qxg6+ Kh8 41. Qh6+ Kg8 42. Qg6+ Kh8 43. Qxh5+ Kg7 44. Qxd5 Qd6 45. Qg5+ Kf7 46. Qh5+ Kg7 47. Qg5+ Kf7 48. Qh5+ Kg7 49. Qg5+ 1/2-1/2


[Site "https://www.chess.com"]

[Event "Titled Tuesday Blitz July 4 Early 2023"]
[White "Akhmedinov, Satbek"]
[Black "Pranav, V"]
[WhiteFideId "13714287"]
[BlackFideId "25060783"]
[WhiteElo "2612"]
[BlackElo "3003"]
[Result "1/2-1/2"]
[Round "2"]
[TimeControl "180+2"]
[Date "2023.07.04"]
[WhiteClock "0:00:16"]
[BlackClock "0:00:03"]
[Board "12"]

1. e4 c5 2. Nf3 Nc6 3. Bb5 g6 4. Bxc6 dxc6 5. d3 Bg7 6. h3 e5 7. Be3 Qe7 8. a4 Nf6 9. Nbd2 O-O 10. Nc4 Nd7 11. Qd2 b6 12. h4 f5 13. Bh6 Ba6 14. Bxg7 Qxg7 15. b3 Rad8 16. Ng5 Rf6 17. O-O-O h6 18. Nf3 f4 19. Kb1 Rff8 20. Qc3 Rfe8 21. g4 Qe7 22. Rh2 b5 23. Nb2 Qd6 24. Qa5 Nb8 25. c4 b4 26. Rhh1 Rd7 27. Rd2 Rb7 28. h5 g5 29. Ne1 Rb6 30. Nc2 Bc8 31. d4 exd4 32. Rxd4 cxd4 33. c5 Qe5 34. Nc4 Qxe4 35. Re1 Qxe1+ 36. Nxe1 Rxe1+ 37. Kc2 Re2+ 38. Kd3 Re8 39. cxb6 axb6 40. Qxb6 Bxg4 41. Nd6 Nd7 42. Qxd4 Ne5+ 43. Kc2 Re6 44. Ne4 Bf5 45. Kb2 Nf3 46. Qd8+ Kg7 47. Qc7+ Kg8 48. Qd8+ Kg7 49. Qd7+ Kf8 50. Qd8+ Kg7 1/2-1/2


[Site "https://www.chess.com"]

[Event "Titled Tuesday Blitz July 4 Early 2023"]
[White "Khismatullin, Denis"]
[Black "Skliarov, Viktor"]
[WhiteFideId "4142578"]
[BlackFideId "14106736"]
[WhiteElo "3001"]
[BlackElo "2611"]
[Result "1/2-1/2"]
[Round "2"]
[TimeControl "180+2"]
[Date "2023.07.04"]
[WhiteClock "0:00:15"]
[BlackClock "0:00:06"]
[Board "13"]

1. d4 Nf6 2. c4 e6 3. Nf3 b6 4. g3 Bb7 5. Bg2 Be7 6. O-O O-O 7. Re1 Na6 8. Nc3 Ne4 9. Nb5 c6 10. Nc3 Nxc3 11. bxc3 d5 12. Qd3 Rc8 13. e4 dxc4 14. Qxc4 c5 15. d5 exd5 16. exd5 Bf6 17. Ne5 Re8 18. Bf4 g5 19. d6 Bxe5 20. Bxb7 gxf4 21. Bxc8 Qxc8 22. Qd5 Qe6 23. d7 Rd8 24. Rxe5 Qxd5 25. Rxd5 fxg3 26. hxg3 Nc7 27. Rd2 Kf8 28. Re1 Ne6 29. f4 Ng7 30. Kf2 Nh5 31. Rd6 Ng7 32. g4 Ne6 33. f5 Nc7 34. Kg3 Nb5 35. Rd3 c4 36. Rd2 Nxc3 37. Kf4 Na4 38. Rd4 Nc5 39. Kg5 Rxd7 40. Rxc4 Rd6 41. a4 h6+ 42. Kh5 Kg7 43. Rf1 Rd3 44. f6+ Kh7 45. Kh4 Ne6 46. g5 hxg5+ 47. Kg4 Kg6 48. a5 bxa5 49. Ra4 Rd4+ 50. Rxd4 Nxd4 51. Ra1 Kxf6 52. Rxa5 Ne6 53. Rxa7 Kg6 54. Ra6 Kf6 1/2-1/2


[Site "https://www.chess.com"]